 Dungeon Crawl Stone Soup version 0.30-a0-1075-gcd70e7a56d (webtiles) character file.

Game seed: 8734617098552895989

294 NateTC the Trooper (level 6, 0/56 HPs)
             Began as a Minotaur Fighter on Apr 14, 2023.
             Slain by a killer bee (5 damage)
             ... on level 4 of the Dungeon.
             The game lasted 00:04:21 (2288 turns).

NateTC the Trooper (Minotaur Fighter)               Turns: 2288, Time: 00:04:22

Health: 0/56       AC: 12    Str: 23    XL:     6   Next: 11%
Magic:  5/5        EV:  8    Int:  5    God:
Gold:   61         SH:  4    Dex:  9    Spells: 5/5 levels left

rFire   . . .      SeeInvis .    a - +1 long sword (spect)
rCold   . . .      Faith    .    c - +0 buckler
rNeg    + . .      Spirit   .    g - +0 chain mail
rPois   .          Reflect  .    (helmet restricted)
rElec   .          Rampage  .    (no cloak)
rCorr   .                        j - +1 pair of gloves
Will    .....                    (no boots) Stlth
                                 (no amulet)
HPRegen 0.29/turn                m - ring of positive energy
MPRegen 0.09/turn                (no ring)

@: no status effects
A: horns 2, retaliatory headbutt
a: no special abilities


You were on level 4 of the Dungeon.
You visited 1 branch of the dungeon, and saw 4 of its levels.

You collected 61 gold pieces.

Inventory:

Hand Weapons
 a - a +1 spectral long sword (weapon)
Armour
 c - a +0 buckler (worn)
 g - a +0 chain mail (worn)
 j - a +1 pair of gloves (worn)
Jewellery
 m - a ring of positive energy (left hand)
 s - a ring of see invisible
Scrolls
 f - 2 scrolls of teleportation
 o - a scroll of identify
 p - a scroll of enchant armour
Potions
 d - 2 potions of might
 e - 2 potions of magic
 i - a potion of berserk rage
 l - a potion of mutation {unknown}
 r - a potion of ambrosia {unknown}
 t - a potion of attraction {unknown}
 v - 2 potions of heal wounds {unknown}


   Skills:
 + Level 5.2 Fighting
 + Level 4.6 Long Blades
 + Level 5.0 Armour
 + Level 1.8 Dodging
 + Level 4.4 Shields


You had 5 spell levels left.
You didn't know any spells.
Your spell library contained the following spells:

 Spells                   Type           Power      Damage    Failure   Level
 Sting                    Tmut/Pois      0%         1d3       98%         1
 Poisonous Vapours        Pois/Air       0%         N/A       99%         2
 Vhi's Electric Charge    Tloc/Air       0%         N/A       100%        3
 Olgreb's Toxic Radiance  Pois           0%         N/A       100%        4
 Arcjolt                  Conj/Air       0%         1d10      100%        5
 Summon Forest            Summ/Tloc      0%         N/A       100%        5
 Eringya's Noxious Bog    Tmut/Pois      0%         N/A       100%        6
 Plasma Beam              Fire/Air       0%         2x1d11    100%        6
 Summon Hydra             Summ           0%         N/A       100%        7


Dungeon Overview and Level Annotations

Branches:
Dungeon (4/15) Zot: 21681
 Temple: D:4-7

Altars:
Kikubaaqudgha
Sif Muna


Innate Abilities, Weirdness & Mutations

You have a pair of horns on your head.
You reflexively headbutt those who attack you in melee.


Message History

The killer bee stings your +1 spectral long sword.
Your spectral weapon shares its damage with you!
* * * LOW HITPOINT WARNING * * *
The killer bee stings your +1 spectral long sword but does no damage.
The killer bee barely misses you. You furiously retaliate!
You headbutt the killer bee!
You kill the killer bee!
The killer bee barely misses your +1 spectral long sword.
You block the killer bee's attack.
You feel better. The killer bee barely misses you. The killer bee stings you.
* * * LOW HITPOINT WARNING * * *
You block the killer bee's attack. The killer bee stings you.
* * * LOW HITPOINT WARNING * * *
The killer bee attacks as you move away!
The killer bee stings you but does no damage.
The killer bee attacks as you move away!
The killer bee barely misses you. You furiously retaliate!
You headbutt the killer bee! You block the killer bee's attack.
The killer bee barely misses you. You furiously retaliate!
You headbutt the killer bee, but do no damage.
The killer bee barely misses you.
The killer bee attacks as you move away!
You block the killer bee's attack. The killer bee closely misses you.
The killer bee stings you but does no damage.
The killer bee barely misses you. You furiously retaliate!
You headbutt the killer bee!
You kill the killer bee!
Your Armour skill increases to level 5!
You have reached level 6!
The killer bee attacks as you move away!
You block the killer bee's attack.
The killer bee attacks as you move away!
You block the killer bee's attack.
The killer bee stings you but does no damage.
The killer bee stings you but does no damage.
The killer bee stings you.
* * * LOW HITPOINT WARNING * * *
The killer bee attacks as you move away!
The killer bee stings you.
You die...

#....................
#.......)...##.......
#...........#........
##...........#........
#.....<...(.##............
#....##......#............
#...<........#............
##.##........#.#####.#....
#.......@................
####....#y†...#.........#
##........y.####.####....#
#...........y†.g.gg.†)....
#...........#g##.####.....
#...........#....#........
##..........#....#....##..
############....#....##..
#....#........


You could see 3 killer bees and a gnoll.

Vanquished Creatures
  2 killer bees (D:4)
  2 vampire bats (D:3)
  Ijyb (D:3)
  A gnoll (D:4)
  2 adders
  4 dart slugs (D:1)
  An orc (D:4)
  6 ball pythons
  2 bat skeletons (D:3)
  3 bat zombies (D:3)
  3 endoplasms
  3 giant cockroaches
  6 hobgoblins
  5 jackals
  2 bats
  2 frilled lizards
  7 goblins
  11 kobolds
  5 rats
68 creatures vanquished.

Notes
Turn   | Place    | Note
-------+----------+-------------------------------------------
     0 | D:1      | NateTC the Minotaur Fighter began the quest for the Orb.
     0 | D:1      | Reached XP level 1. HP: 19/19 MP: 0/0
   130 | D:1      | Reached XP level 2. HP: 27/27 MP: 1/1
   402 | D:1      | Reached XP level 3. HP: 33/33 MP: 2/2
  1501 | D:3      | Noticed Ijyb
  1511 | D:3      | Reached XP level 4. HP: 39/40 MP: 3/3
  1544 | D:3      | Killed Ijyb
  1545 | D:3      | Reached skill level 1 in Dodging
  1634 | D:3      | Found a shimmering blue altar of Sif Muna.
  1710 | D:3      | Found an ancient bone altar of Kikubaaqudgha.
  1714 | D:3      | Reached skill level 5 in Fighting
  1714 | D:3      | Reached XP level 5. HP: 47/48 MP: 4/4
  2285 | D:4      | Reached skill level 5 in Armour
  2285 | D:4      | Reached XP level 6. HP: 9/56 MP: 5/5
  2288 | D:4      | Slain by a killer bee

Illustrated notes

Levels and vault maps discovered:
D:1:      amcnicky_arrival_double_pillar, layout_basic
D:2:      layout_basic, minivault_14, grunt_decor_mini_mirrors
D:3:      layout_rooms, kennysheep_vampire_church, led_sif_book,
          minmay_statues_item, nrook_mini_vaults, uniq_ijyb
D:4:      layout_basic, mainiacjoe_overflow_catch_the_wave, serial_shops,
          nicolae_shop_hallway_stairs, nicolae_stop_n_shop_1,
          nicolae_shop_waterfront, shop_coins

Skill      XL: |  1  2  3  4  5 |
---------------+----------------+-----
Shields        | 4 |  4.4
Fighting       | 4 5 |  5.2
Armour         | 4 5 |  5.0
Long Blades    | 3 4 |  4.6
Dodging        | 1 |  1.8

Action                     |  1- 3 |  4- 6 || total
---------------------------+-------+-------++-------
  Melee: Long sword        |    65 |    50 ||   115
         Headbutt          |    10 |    10 ||    20
    Use: Scroll            |     4 |     8 ||    12
         Potion            |       |     2 ||     2
 Armour: Scale mail        |    33 |    17 ||    50
         Chain mail        |       |    25 ||    25
  Dodge: Dodged            |    31 |    41 ||    72
  Block: Buckler           |    11 |    19 ||    30

Table legend: (Time is in decaauts)
 A = Elapsed time spent in this place.
 B = Non-inter-level travel time spent in this place.
 C = Inter-level travel time spent in this place.
 D = Time resting spent in this place.
 E = Time spent auto-exploring this place.
 F = Levels seen in this place.
 G = Mean time per level.
                   A        B        C        D        E       F      G
               +--------+--------+--------+--------+--------+-----+--------+
         Total |   2318 |   2230 |     88 |     58 |   1720 |   4 |  579.5 |
       Dungeon |   2318 |   2230 |     88 |     58 |   1720 |   4 |  579.5 |
               +--------+--------+--------+--------+--------+-----+--------+

Top non-repeatable levels by time:
     D:2: 850 daAuts
     D:3: 696 daAuts
     D:1: 664 daAuts
     D:4: 106 daAuts
